 Dungeon Crawl Stone Soup version 0.31-a0-208-gdb31a4691d (webtiles) character file.

Game seed: 18290351710640721396

61 zazu2006 the Firebug (level 4, -4/32 HPs)
             Began as a Gnoll Wanderer on June 28, 2023.
             Killed from afar by an orc wizard (7 damage)
             ... with a magic dart
             ... on level 3 of the Dungeon.
             The game lasted 00:02:57 (2359 turns).

zazu2006 the Firebug (Gnoll Wanderer)               Turns: 2359, Time: 00:03:02

Health: -4/32      AC:  4    Str: 10    XL:     4   Next: 7%
Magic:  0/8        EV: 13    Int: 16    God:
Gold:   106        SH:  0    Dex: 10    Spells: 7/8 levels left

rFire   . . .        h - +1 dagger (speed)
rCold   . . .        (no shield)
rNeg    . . .        c - +0 robe
rPois   .            i - +0 helmet
rElec   .            (no cloak)
rCorr   +            d - +0 pair of gloves
SInv    .            (no boots)
Will    .....        (no amulet)
Stlth   ++           g - ring of resist corrosion
HPRegen 0.25/turn    (no ring)
MPRegen 0.11/turn

%: no passive effects
@: no status effects
A: fangs 1, strong nose, distributed training
a: no special abilities


You were on level 3 of the Dungeon.
You visited 1 branch of the dungeon, and saw 3 of its levels.

You collected 106 gold pieces.

Inventory:

Hand Weapons
 h - a +1 dagger of speed (weapon)
Armour
 c - a +0 robe (worn)
 d - a +0 pair of gloves (worn)
 i - a +0 helmet (worn)
Jewellery
 g - a ring of resist corrosion (left hand)
 o - a ring of fire
Scrolls
 k - 3 scrolls of enchant weapon {unknown}
 l - 7 scrolls of identify {unknown}
 n - a scroll of torment {unknown}
 p - a scroll of teleportation {unknown}
 r - a scroll of acquirement {unknown}
Potions
 a - a potion of lignification {unknown}
 b - a potion of berserk rage
 e - 3 potions of curing {unknown}
 f - a potion of might {unknown}
 j - 3 potions of degeneration {unknown}
 m - a potion of enlightenment {unknown}
 q - a potion of heal wounds {unknown}
 s - a potion of resistance {unknown}


   Skills:
 + Level 1.0 Fighting
 + Level 1.0 Short Blades
 + Level 1.0 Long Blades
 + Level 1.0 Axes
 + Level 1.0 Maces & Flails
 + Level 1.0 Polearms
 + Level 1.0 Staves
 + Level 1.0 Ranged Weapons
 + Level 1.0 Throwing
 + Level 1.0 Armour
 + Level 4.6 Dodging
 + Level 2.5 Stealth
 + Level 1.0 Shields
 + Level 1.0 Unarmed Combat
 + Level 2.9 Spellcasting
 + Level 0.8 Conjurations
 + Level 0.8 Hexes
 + Level 0.8 Summonings
 + Level 0.8 Necromancy
 + Level 5.4 Translocations
 + Level 0.8 Transmutations
 + Level 5.4 Fire Magic
 + Level 0.8 Ice Magic
 + Level 0.8 Air Magic
 + Level 0.8 Earth Magic
 + Level 0.8 Poison Magic
 + Level 1.1 Invocations
 + Level 1.0 Evocations


You had 7 spell levels left.
You knew the following spells:

 Your Spells              Type           Power      Damage    Failure   Level
a - Foxfire               Conj/Fire      48%        2x1d6     5%          1

Your spell library contained the following spells:

 Spells                   Type           Power      Damage    Failure   Level
 Apportation              Tloc           38%        N/A       1%          1
 Scorch                   Fire           38%        2d7       3%          2
 Volatile Blastmotes      Fire/Tloc      38%        2d13      6%          3
 Momentum Strike          Conj/Tloc      24%        3d8       8%          2
 Inner Flame              Hex/Fire       12%        N/A       16%         3
 Flame Wave               Conj/Fire      12%        2d6       45%         4
 Summon Cactus Giant      Summ           2%         N/A       100%        6


Dungeon Overview and Level Annotations

Branches:
Dungeon (3/15)

Altars:
Xom


Innate Abilities, Weirdness & Mutations

You have very sharp teeth.
Your uncanny sense of smell can sniff out nearby items.
Your experience applies equally to all skills.


Message History

Your foxfire dissipates!
The foxfire hits the orc wizard but does no damage.
Casting: Foxfire (safe; 5% risk of failure)
Confirm with . or Enter, or press ? or * to list all spells.
You conjure some foxfire!
The orc wizard closely misses you.
Your foxfire dissipates!
The orc wizard attacks as you move away!
The orc wizard hits you with a +0 dagger.
The orc wizard gestures at you while chanting.
The magic dart hits you!
Casting: Foxfire (safe; 5% risk of failure)
Confirm with . or Enter, or press ? or * to list all spells.
You conjure some foxfire!
The foxfire hits the orc wizard but does no damage.
You closely miss the orc wizard.
The foxfire hits the orc wizard.
The orc wizard is heavily wounded.
Casting: Foxfire (safe; 5% risk of failure)
Confirm with . or Enter, or press ? or * to list all spells.
You conjure some foxfire!
The orc wizard mumbles some strange words.
The orc wizard flickers and vanishes!
Deactivating autopickup; reactivate with Ctrl-A.
You hit something.
The foxfire hits something but does no damage.
You hear some strange, mumbled words.
A magic dart appears from out of thin air!
The magic dart hits you.
Casting: Foxfire (safe; 5% risk of failure)
Confirm with . or Enter, or press ? or * to list all spells.
You conjure some foxfire!
Something barely misses you.
You barely miss something. Your bite misses something.
The foxfire hits something.
You miss something.
Your foxfire dissipates!
Something hits you. The orc attacks as you move away!
The orc hits you with a +0 flail!
* * * LOW HITPOINT WARNING * * *
A magic dart appears from out of thin air!
The magic dart hits you!
You die...

#.##.. # #.##.# #
#.##.# # #.##.# ######
#
######..#.#####....###
.............†.........
########.#.......##....
#####.##########..##
#{.@.......... #..#
#o####.####### #..# #.#
#.# ∆ .<.# #o# #.#
....# ...o....# #.#
.....# ##.####.# #.#
......# #.. ..# ... ...
∆ .###


You could see an orc.

Vanquished Creatures
  An adder (D:2)
  4 dart slugs
  An orc (D:3)
  2 ball pythons
  2 bats
  3 endoplasms (D:1)
  2 giant cockroaches (D:1)
  7 goblins (D:1)
  4 hobgoblins
  4 quokkas
  A frilled lizard (D:1)
  5 kobolds
  A rat (D:2)
37 creatures vanquished.

Vanquished Creatures (others)
  107 foxfires
107 creatures vanquished.

Grand Total: 144 creatures vanquished

Notes
Turn   | Place    | Note
-------+----------+-------------------------------------------
     0 | D:1      | zazu2006 the Gnoll Wanderer began the quest for the Orb.
     0 | D:1      | zazu2006 set off with the following items: a +0 dagger, a
                  | potion of berserk rage, a +0 robe, a +0 pair of gloves; and
                  | the following spells available to memorise: Apportation,
                  | Foxfire, Volatile Blastmotes, Momentum Strike, Inner Flame.
     0 | D:1      | Reached XP level 1. HP: 13/13 MP: 4/4
     2 | D:1      | Learned a level 1 spell: Foxfire
   175 | D:1      | Reached XP level 2. HP: 20/20 MP: 2/5
   622 | D:1      | Reached XP level 3. HP: 25/25 MP: 5/7
   907 | D:1      | Reached skill level 1 in Invocations
  1238 | D:2      | Found a shimmering altar of Xom.
  1457 | D:2      | Reached skill level 1 in Fighting
  1457 | D:2      | Reached skill level 1 in Short Blades
  1457 | D:2      | Reached skill level 1 in Long Blades
  1457 | D:2      | Reached skill level 1 in Axes
  1457 | D:2      | Reached skill level 1 in Maces & Flails
  1457 | D:2      | Reached skill level 1 in Polearms
  1457 | D:2      | Reached skill level 1 in Staves
  1457 | D:2      | Reached skill level 1 in Ranged Weapons
  1457 | D:2      | Reached skill level 1 in Throwing
  1457 | D:2      | Reached skill level 1 in Armour
  1457 | D:2      | Reached skill level 1 in Shields
  1457 | D:2      | Reached skill level 1 in Unarmed Combat
  1457 | D:2      | Reached skill level 1 in Evocations
  2259 | D:3      | Reached XP level 4. HP: 32/32 MP: 5/8
  2359 | D:3      | Killed from afar by an orc wizard

Illustrated notes

Levels and vault maps discovered:
D:1:      minmay_arrival_four_circles, layout_basic
D:2:      layout_loops_corners, basic_altar
D:3:      layout_basic, nicolae_uskayaw_dance_hall, gammafunk_ghost_mausoleum

Skill      XL: |  1  2  3 |
---------------+----------+-----
Invocations    | 1 |  1.1
Fighting       | 1 |  1.0
Short Blades   | 1 |  1.0
Long Blades    | 1 |  1.0
Axes           | 1 |  1.0
Maces & Flails | 1 |  1.0
Polearms       | 1 |  1.0
Staves         | 1 |  1.0
Ranged Weapons | 1 |  1.0
Throwing       | 1 |  1.0
Armour         | 1 |  1.0
Shields        | 1 |  1.0
Unarmed Combat | 1 |  1.0
Evocations     | 1 |  1.0
Dodging        | |  4.6
Stealth        | |  2.5
Spellcasting   | |  2.9
Conjurations   | |  0.8
Hexes          | |  0.8
Summonings     | |  0.8
Necromancy     | |  0.8
Translocations | |  5.4
Transmutations | |  0.8
Fire Magic     | |  5.4
Ice Magic      | |  0.8
Air Magic      | |  0.8
Earth Magic    | |  0.8
Poison Magic   | |  0.8

Action                     |  1- 3 |  4- 6 || total
---------------------------+-------+-------++-------
  Melee: Dagger            |    12 |     6 ||    18
         Bite              |     1 |       ||     1
   Cast: Foxfire           |    60 |    12 ||    72
 Armour: Robe              |     2 |       ||     2
  Dodge: Dodged            |     8 |     3 ||    11

Table legend: (Time is in decaauts)
 A = Elapsed time spent in this place.
 B = Non-inter-level travel time spent in this place.
 C = Inter-level travel time spent in this place.
 D = Time resting spent in this place.
 E = Time spent auto-exploring this place.
 F = Levels seen in this place.
 G = Mean time per level.
                   A        B        C        D        E       F      G
               +--------+--------+--------+--------+--------+-----+--------+
         Total |   2351 |   2307 |     44 |      0 |   2031 |   3 |  783.7 |
       Dungeon |   2351 |   2307 |     44 |      0 |   2031 |   3 |  783.7 |
               +--------+--------+--------+--------+--------+-----+--------+

Top non-repeatable levels by time:
     D:1: 1160 daAuts
     D:2: 903 daAuts
     D:3: 287 daAuts
